 Dungeon Crawl Stone Soup version 0.29.0-7-g18a832c13a (webtiles) character file.

Game seed: 7816132000941650283

537 Woods the Grave Robber (level 7, -5/36 HPs)
             Began as a Vampire Necromancer on Sept 1, 2022.
             Slain by an ogre
             ... wielding a +0 giant club
              (16 damage)
             ... on level 4 of the Dungeon.
             The game lasted 00:11:12 (4536 turns).

Woods the Grave Robber (Vampire Necromancer)        Turns: 4536, Time: 00:11:13

Health: -5/36      AC:  4    Str:  7    XL:     7   Next: 5%
Magic:  3/14       EV: 13    Int: 19    God:
Gold:   167        SH:  5    Dex: 15    Spells: 7/15 levels left

rFire   . . .      SeeInvis +   (no weapon)
rCold   + + .      Faith    .   (no shield)
rNeg    + + +      Spirit   .   a - +1 robe
rPois   ∞          Reflect  +   (no helmet)
rElec   .          Harm     .   (no cloak)
rCorr   .          Rampage  .   q - +0 pair of gloves
Will    .....                   (no boots)
Stlth   +++++.....              t - amulet of reflection
HPRegen 0.00/turn               (no ring)
MPRegen 0.14/turn               (no ring)

@: animating dead, bloodless, inhibited regen
A: bloodless, fangs 3, see invisible, vampiric 2
a: Bat Form, Revivify


You were on level 4 of the Dungeon.
You visited 1 branch of the dungeon, and saw 4 of its levels.
You also visited: Sewer.

You collected 167 gold pieces.

Inventory:

Armour
 a - a +1 robe (worn)
 q - a +0 pair of gloves (worn)
Jewellery
 t - an amulet of reflection (around neck)
Scrolls
 c - a scroll of teleportation
 e - a scroll of identify {unknown}
 g - 2 scrolls of enchant weapon {unknown}
 h - 2 scrolls of noise {unknown}
 j - 3 scrolls of enchant armour
 k - 2 scrolls of summoning {unknown}
 n - a scroll of fog {unknown}
 p - a scroll of vulnerability {unknown}
 s - a scroll of torment {unknown}
 u - a scroll of poison {unknown}
Potions
 b - 2 potions of flight
 d - a potion of heal wounds
 f - a potion of brilliance
 i - a potion of curing
 l - a potion of haste {unknown}
 m - 2 potions of might {unknown}
 o - a potion of cancellation {unknown}
 r - a potion of mutation {unknown}


   Skills:
 + Level 4.3 Dodging
 - Level 5.0 Stealth
 * Level 4.9 Spellcasting
 + Level 5.8 Necromancy


You had 7 spell levels left.
You knew the following spells:

 Your Spells              Type           Power      Damage    Failure   Level
a - Necrotise             Necr           100%       1d9       1%          1
b - Vampiric Draining     Necr           26%        2d7       3%          3
c - Animate Dead          Necr           26%        N/A       12%         4

Your spell library contained the following spells:

 Spells                   Type           Power      Damage    Failure   Level
 Agony                    Necr           26%        N/A       32%         5
 Portal Projectile        Hex/Tloc       8%         N/A       36%         3
 Tukima's Dance           Hex            4%         N/A       36%         3
 Blade Hands              Tmut           2%         N/A       98%         5


Dungeon Overview and Level Annotations

Branches:
Dungeon (4/15)              Sewer (visited)
 Temple: D:4-7

Altars:
Fedhas
Qazlal
Ru
Trog

Annotations:
D:3 Terence


Innate Abilities, Weirdness & Mutations

You do not regenerate when monsters are visible.
You are frail without blood (-20% HP).
You can heal yourself when you bite living creatures.
You are immune to poison.
You have razor-sharp teeth.
You have supernaturally acute eyesight. (SInv)
You are afflicted with vampirism and can become a bat while bloodless.


Message History

Aiming: Necrotise (safe; 1% risk of failure)
Press: ? - help, Q - select action, (/) - cycle Shift-Dir - straight line, f/p - worm
Aim: a worm (almost dead, chance to affect: 88%)
The worm writhes in agony.
An orc comes into view. It is wielding a +0 flail.
Unknown command.
Aiming: Necrotise (safe; 1% risk of failure)
Press: ? - help, Q - select action, (/) - cycle Shift-Dir - straight line, f/p - worm
Aim: a worm (almost dead, chance to affect: 88%)
The worm barely resists.
The orc shouts!
The worm closely misses you.
Casting: Necrotise (safe; 1% risk of failure)
Confirm with . or Enter, or press ? or * to list all spells.
Aiming: Vampiric Draining (dangerous; 3% risk of failure)
Press: ? - help, Shift-Dir - straight line, f/p - worm
Aim: a worm (almost dead)
Okay, then.
Casting: Vampiric Draining (dangerous; 3% risk of failure)
Confirm with . or Enter, or press ? or * to list all spells.
The spell is quite dangerous to miscast (12% risk of failure)!
Continue anyway?
You call upon the dead to rise.
Aiming: Necrotise (safe; 1% risk of failure)
Press: ? - help, Q - select action, (/) - cycle Shift-Dir - straight line, f/p - worm
Aim: a worm (almost dead, chance to affect: 88%)
The worm writhes in agony.
You kill the worm!
The dead are slithering!
You hit the ogre.
The ogre is lightly wounded.
The ogre hits you with a +0 giant club!!
Ouch! That really hurt!
You hit the ogre but do no damage.
The ogre is lightly wounded.
Aiming: Necrotise (safe; 1% risk of failure)
Press: ? - help, Q - select action, (/) - cycle Shift-Dir - straight line, f - ogre
Aim: an ogre, wielding a +0 giant club (lightly wounded, ally target, chance to affect: 83%)
The ogre writhes in agony!
The ogre hits you with a +0 giant club!
You die...

###### ....#
#####.#.#
#.....#.####
...#......#
#.....#.##.#
.#####.#.##.########
....Z..@.##........#
.##.##O###########.#
#o #.# #. #.# ..
####.# .. #....# #..
#.#### ## ... #>#
#.######.# ### #.#


You could see an ogre (ally target), an orc and a friendly worm zombie.

Vanquished Creatures
  Sigmund (D:3)
  An ice beast (D:3)
  A hound (D:4)
  An orc priest (D:4)
  5 river rats (Sewer)
  4 worms
  4 dart slugs
  6 orcs
  3 bats
  6 endoplasms
  4 giant cockroaches
  9 goblins
  5 hobgoblins
  5 jackals
  10 kobolds
  2 quokkas
  4 ball pythons
  2 frilled lizards (D:2)
  5 rats
78 creatures vanquished.

Vanquished Creatures (collateral kills)
  A kobold brigand (Sewer)
  An orc (D:4)
  A hobgoblin (D:3)
  A goblin (D:3)
  A kobold (Sewer)
  A rat (Sewer)
6 creatures vanquished.

Vanquished Creatures (others)
  A worm zombie (D:3)
  An orc zombie (D:3)
2 creatures vanquished.

Grand Total: 86 creatures vanquished

Notes
Turn   | Place    | Note
-------+----------+-------------------------------------------
     0 | D:1      | Woods the Vampire Necromancer began the quest for the Orb.
     0 | D:1      | Reached XP level 1. HP: 13/13 MP: 3/3
   396 | D:1      | Reached XP level 2. HP: 17/19 MP: 1/5
  1257 | D:2      | Gained mutation: You are afflicted with vampirism and can
                  | become a bat while bloodless. [Vampire growth]
  1257 | D:2      | Reached XP level 3. HP: 24/24 MP: 4/6
  1280 | D:2      | Found a faded altar of an unknown god.
  1356 | D:2      | Found a stormy altar of Qazlal.
  1487 | D:2      | Learned a level 3 spell: Vampiric Draining
  2402 | D:3      | Noticed Terence
  2454 | D:3      | Found a glowing drain.
  2456 | D:3      | Noticed an ice beast
  2475 | Sewer    | Entered a sewer
  2480 | Sewer    | Reached XP level 4. HP: 30/30 MP: 2/8
  2605 | Sewer    | Noticed a kobold brigand
  2613 | Sewer    | Killed a kobold brigand
  2614 | Sewer    | Reached skill level 5 in Necromancy
  2614 | Sewer    | Reached XP level 5. HP: 24/35 MP: 0/10
  2626 | Sewer    | Learned a level 4 spell: Animate Dead
  2846 | D:3      | Killed an ice beast
  2847 | D:3      | Reached skill level 5 in Stealth
  2847 | D:3      | Reached XP level 6. HP: 20/41 MP: 1/12
  2985 | D:3      | Noticed Sigmund
  3704 | D:3      | Killed Sigmund
  4227 | D:4      | Found a blossoming altar of Fedhas.
  4265 | D:4      | Found a bloodstained altar of Trog.
  4300 | D:4      | Reached XP level 7. HP: 22/36 MP: 2/14
  4445 | D:4      | Found a sacrificial altar of Ru.
  4536 | D:4      | Slain by an ogre

Illustrated notes

Levels and vault maps discovered:
D:1:      dpeg_cavernosity, layout_rooms, minmay_crystal_room
D:2:      layout_loops_ring, basic_altar, hellmonk_ecumenical_altar_lost_god,
          uniq_crazy_yiuf_cottage
D:3:      layout_basic, gup_sewer_entry_glass, amethyst_killhole, nrook_uturn,
          guppyfry_early_orc_mine, uniq_terence, uniq_sigmund
D:4:      layout_loops_cross, nicolae_ru_sacrificial_ziggurat,
          mainiacjoe_overflow_large_starburst, minmay_temple_entry_crystal_x

Skill      XL: |  1  2  3  4  5  6 |
---------------+-------------------+-----
Stealth        | 4 5 |  5.0
Spellcasting   | 3 4 |  4.9
Dodging        | 3 4 |  4.3
Necromancy     | 5 |  5.8

Action                   |  1- 3 |  4- 6 |  7- 9 || total
-------------------------+-------+-------+-------++-------
Melee: Unarmed           |    22 |    30 |     2 ||    54
       Bite              |     5 |     2 |       ||     7
       Punch             |       |     1 |       ||     1
 Cast: Necrotise         |    97 |    81 |    10 ||   188
       Vampiric Draining |       |     4 |       ||     4
       Animate Dead      |       |     2 |     1 ||     3
 Abil: Exsanguinate      |       |     1 |       ||     1
  Use: Potion            |       |     5 |       ||     5
       Scroll            |       |     3 |       ||     3
Armor: Robe              |    12 |    13 |       ||    25
Dodge: Dodged            |    31 |    60 |     1 ||    92
